 Dungeon Crawl Stone Soup version 0.27-a0-679-g77a6b55cf3 (webtiles) character file.

Game seed: 11139625991040906591

14 tonychiu1026 the Skirmisher (level 2, -1/27 HPs)
             Began as a Hill Orc Fighter on Mar 18, 2021.
             Slain by a gnoll
             ... wielding a +0 flail
              (3 damage)
             ... on level 3 of the Dungeon.
             The game lasted 00:02:18 (237 turns).

tonychiu1026 the Skirmisher (Hill Orc Fighter)       Turns: 237, Time: 00:02:18

Health: -1/27      AC:  6    Str: 18    XL:     2   Next: 41%
Magic:  2/2        EV:  7    Int:  8    God:
Gold:   0          SH:  9    Dex: 10    Spells: 1/1 levels left

rFire    . . .     SeeInvis .   a - +0 rapier
rCold    . . .     Faith    .   c - +0 kite shield
rNeg     . . .     Spirit   .   b - +0 scale mail
rPois    .         Reflect  .   (no helmet)
rElec    .         Harm     .   (no cloak)
rCorr    .         Rampage  .   (no gloves)
Will     .....                  (no boots)
Stlth    ..........             (no amulet)
HPRegen  0.09/turn              (no ring)
MPRegen  0.08/turn              (no ring)

@: no status effects
A: no striking features
a: Convert to Beogh


You were on level 3 of the Dungeon.
You visited 1 branch of the dungeon, and saw 3 of its levels.

Inventory:

Hand Weapons
 a - a +0 rapier (weapon)
 e - a +0 club
Armour
 b - a +0 scale mail (worn)
 c - a +0 kite shield (worn)
Potions
 d - a potion of might


   Skills:
 + Level 3.9 Fighting
 + Level 2.2 Short Blades
 + Level 3.4 Armour
 + Level 3.6 Shields


You had one spell level left.
You didn't know any spells.
Your spell library was empty.

Dungeon Overview and Level Annotations

Branches:
Dungeon (3/15)

Altars:

Annotations:
D:3 Grinder


Message History

A gnoll and Grinder come into view.
Grinder shouts!
The gnoll shouts!
You hear a shout! x2
You block the bat's attack. The gnoll hits you but does no damage.
Grinder blinks!
Grinder moves out of view.
You puncture the gnoll!
The gnoll is severely wounded.
The bat hits you but does no damage.
A bat comes into view.
The bat hits you but does no damage. The gnoll barely misses you.
An orc comes into view. It is wielding a +0 club.
You block the gnoll's attack. The gnoll completely misses you.
You block the bat's attack.
You hit the bat but do no damage. You block the bat's attack.
The bat hits you but does no damage. The gnoll hits you with a +0 flail.
An orc comes into view.
You block the gnoll's attack.
An adder comes into view.
The bat closely misses you.
The adder hisses angrily.
You puncture the bat!
You kill the bat!
The gnoll hits you with a +0 spear!
* * * LOW HITPOINT WARNING * * *
The gnoll closely misses you.
A kobold comes into view. It is wielding a +0 dagger.
You block the gnoll's attack.
Unknown command.
You hit the gnoll but do no damage.
An orc priest comes into view.
The gnoll barely misses you. You block the gnoll's attack.
The kobold hits you but does no damage.
The gnoll hits you but does no damage. x2
A kobold comes into view. It is wielding a +0 whip.
The orc priest shouts, "Join the one true god or die!" (press Y on the ability menu to convert to Beogh)
The kobold shouts!
You puncture the gnoll!
The gnoll is severely wounded.
The orc priest threatens, "By the altar or by the axe, you will meet Beogh!"
The gnoll hits you with a +0 flail.
You die...

... ###### ....
#....##....
#....#....
#....?....
##.....# ..
#####...gK.#....
#......†@gb...#
#..####<.ggS##...
. #####.# 5o.
>!.. ..... .o..
K...


You could see Grinder, an orc priest, 4 gnolls, an adder, an orc, a bat and 2
kobolds.

Vanquished Creatures
  A worm (D:2)
  A leopard gecko (D:1)
  A goblin (D:2)
  2 jackals (D:1)
  4 bats
  A rat (D:1)
10 creatures vanquished.

Notes
Turn   | Place    | Note
-------+----------+-------------------------------------------
     0 | D:1      | tonychiu1026 the Hill Orc Fighter began the quest for the
                  | Orb.
     0 | D:1      | Reached XP level 1. HP: 19/19 MP: 1/1
   138 | D:2      | Reached XP level 2. HP: 11/27 MP: 2/2
   232 | D:3      | Noticed Grinder
   235 | D:3      | HP: 1/27 [gnoll/+0 spear (9)]
   237 | D:3      | Slain by a gnoll

Illustrated notes

Levels and vault maps discovered:
D:1:      wander_arrival_desolate, layout_basic
D:2:      layout_basic
D:3:      layout_rooms, cheibrodos_ashenzari_chains, uniq_terence, uniq_grinder

Action                   || total
-------------------------++-------
Melee: Rapier            ||    31
Armor: Scale mail        ||    35
Dodge: Dodged            ||    22
Block: Kite shield       ||    34

Table legend: (Time is in decaauts)
 A = Elapsed time spent in this place.
 B = Non-inter-level travel time spent in this place.
 C = Inter-level travel time spent in this place.
 D = Time resting spent in this place.
 E = Time spent auto-exploring this place.
 F = Levels seen in this place.
 G = Mean time per level.
                   A        B        C        D        E       F      G
               +--------+--------+--------+--------+--------+-----+--------+
         Total |    246 |    246 |      0 |      0 |      0 |   3 |   82.0 |
       Dungeon |    246 |    246 |      0 |      0 |      0 |   3 |   82.0 |
               +--------+--------+--------+--------+--------+-----+--------+

Top non-repeatable levels by time:
     D:2: 165 daAuts
     D:1: 64 daAuts
     D:3: 17 daAuts
